 Dungeon Crawl Stone Soup version 0.30.0-29-ga12c61a403 (webtiles) character file.

Game seed: 3232940276852795082

148508 Buachu the Severer (level 16, -19/149 HPs)
             Began as a Minotaur Fighter on June 23, 2023.
             Was a High Priest of Okawaru.
             Demolished by a naga warrior
             ... wielding a +0 glaive
              (38 damage)
             ... on level 4 of the Snake Pit.
             The game lasted 01:22:56 (22535 turns).

Buachu the Severer (Minotaur Fighter)              Turns: 22535, Time: 01:23:01

Health: -19/149    AC: 33    Str: 28    XL:     16   Next: 94%
Magic:  21/22      EV:  8    Int: 16    God:    Okawaru [*****.]
Gold:   1931       SH:  0    Dex: 11    Spells: 15/15 levels left

rFire   x . .        C - +11 battleaxe "Beastbane" {flame, rN+ Int+4 Stlth+}
rCold   . . .        (shield currently unavailable)
rNeg    + + +        b - +7 chain mail of Kyrev {Int+5}
rPois   +            N - +2 hat of the Dolphin {rF- Will+ Regen+}
rElec   +            G - scarf "Xauzxubb" {harm, rElec rPois rN+++ Slay+2}
rCorr   +            Z - +0 pair of gloves {Stlth+}
SInv    .            m - +1 pair of boots
Will    ++...        L - amulet of regeneration
Stlth   ++           W - ring of Wonder {Fly rN+ rCorr Str+2}
HPRegen 2.04/turn    E - +4 ring of protection
MPRegen 0.18/turn

%: harm (+30% outgoing, +20% incoming)
@: heroic, flying, constricted
A: horns 2, retaliatory headbutt
a: Renounce Religion, Heroism, Finesse, Duel


You were on level 4 of the Snake Pit.
You worshipped Okawaru.
Okawaru was extremely pleased with you.
You visited 5 branches of the dungeon, and saw 25 of its levels.

You collected 2556 gold pieces.
You spent 625 gold pieces at shops.

Inventory:

Hand Weapons
 C - the +11 battleaxe "Beastbane" (weapon) {flame, rN+ Int+4 Stlth+}
   (Okawaru gifted it to you on level 2 of the Lair of Beasts)

   Int:       It affects your intelligence (+4).
   rN:        It protects you from negative energy.
   Stlth:     It makes you more stealthy.
 F - a +2 vampiric broad axe
Missiles
 f - 3 javelins (quivered)
 t - 48 poisoned darts
 x - 5 curare-tipped darts
 z - 9 atropa-tipped darts
 B - a throwing net
 Q - 7 silver javelins
Armour
 b - the +7 chain mail of Kyrev (worn) {Int+5}
   (You found it on level 9 of the Dungeon)

   Int:       It affects your intelligence (+5).
 m - a +1 pair of boots (worn)
 o - a +1 cloak
 v - an orb of energy
 w - a +0 kite shield
 G - the scarf "Xauzxubb" (worn) {harm, rElec rPois rN+++ Slay+2}
   (Okawaru gifted it to you on level 2 of the Lair of Beasts)

   Slay:      It affects your accuracy & damage with ranged weapons and melee
   (+2).
   rElec:     It insulates you from electricity.
   rPois:     It protects you from poison.
   rN:        It renders you almost immune to negative energy.
 N - the +2 hat of the Dolphin (worn) {rF- Will+ Regen+}
   (Okawaru gifted it to you on level 3 of the Lair of Beasts)

   rF:        It makes you vulnerable to fire.
   Regen:     It increases your rate of health regeneration.
   Will:      It increases your willpower.
 O - a +0 tower shield
 Z - a +0 pair of gloves of stealth (worn)
Magical Staves
 V - a staff of death
Jewellery
 a - a +6 ring of intelligence
 k - a ring of see invisible
 s - an amulet of faith
 u - an amulet of magic regeneration
 A - an amulet of guardian spirit
 E - a +4 ring of protection (right hand)
 L - an amulet of regeneration (around neck)
 P - a ring of protection from cold
 S - a ring of poison resistance
 W - the ring of Wonder (left hand) {Fly rN+ rCorr Str+2}
   (You found it on level 5 of the Lair of Beasts)

   [ring of flight]

   Str:       It affects your strength (+2).
   rN:        It protects you from negative energy.
   Fly:       It grants you flight.
   rCorr:     It protects you from acid and corrosion.
Wands
 i - a wand of iceblast (13)
 J - a wand of digging (2)
 M - a wand of flame (15)
Scrolls
 c - a scroll of enchant weapon
 g - 3 scrolls of amnesia
 l - 8 scrolls of fog
 r - a scroll of enchant armour
 y - 15 scrolls of teleportation
 H - 3 scrolls of magic mapping
 I - 7 scrolls of identify
 K - 3 scrolls of fear
 T - a scroll of blinking
 X - a scroll of silence
Potions
 d - 3 potions of might
 e - 6 potions of brilliance
 h - 2 potions of magic
 j - a potion of berserk rage {unknown}
 n - 9 potions of curing
 p - a potion of mutation
 q - 4 potions of haste
 D - 2 potions of resistance
 U - a potion of cancellation
 Y - 3 potions of ambrosia


   Skills:
 + Level 15.3(20.3) Fighting
 * Level 19.8(24.8) Axes
 + Level 8.5(13.5) Throwing
 + Level 15.4(20.4) Armour
 + Level 16.1(21.1) Shields
 + Level 10.5 Invocations
 + Level 5.9 Evocations


You had 15 spell levels left.
You didn't know any spells.
Your spell library contained the following spells:

 Spells                   Type           Power      Damage    Failure   Level
 Magic Dart               Conj           0%         1d3       52%         1
 Sandblast                Erth           0%         2d4       52%         1
 Cigotuvi's Dreadful Rot  Necr/Pois/Air  0%         N/A       67%         2
 Ensorcelled Hibernation  Hex/Ice        0%         N/A       67%         2
 Passwall                 Tmut/Erth      0%         N/A       67%         2
 Static Discharge         Conj/Air       0%         2-2/arc   67%         2
 Gell's Gravitas          Tloc           0%         N/A       88%         3
 Ignite Poison            Fire/Tmut/Pois 0%         N/A       88%         3
 Mephitic Cloud           Conj/Pois/Air  0%         N/A       88%         3
 Stone Arrow              Conj/Erth      0%         3d7       88%         3
 Swiftness                Air            0%         N/A       88%         3
 Teleport Other           Tloc           0%         N/A       88%         3
 Airstrike                Air            0%         2d(0-16)  99%         4
 Sticky Flame             Conj/Fire      0%         2d3       99%         4
 Blade Hands              Tmut           0%         N/A       100%        5
 Freezing Cloud           Conj/Ice/Air   0%         6-21      100%        5
 Irradiate                Conj/Tmut      0%         3d11      100%        5
 Dispersal                Tloc           0%         N/A       100%        6
 Dragon Form              Tmut           0%         N/A       100%        7
 Ignition                 Fire           0%         3d3       100%        8
 Call Imp                 Summ           Unusable   N/A       N/A         2
 Summon Lightning Spire   Summ/Air       Unusable   N/A       N/A         4

Dungeon Overview and Level Annotations

Branches:
Dungeon (13/15)            Temple (1/1) D:4            Lair (5/5) D:9
 Shoals (0/4) Lair:3        Snake (4/4) Lair:2        Slime (0/5) Lair:5
    Orc (2/2) D:11            Elf (0/3) Orc:2        Vaults (0/5) D:13

Altars:
Ashenzari
Cheibriados
Dithmenos
Elyvilon
Gozag
Hepliaklqana
Kikubaaqudgha
Makhleb
Nemelex Xobeh
Okawaru
Ru
Sif Muna
Trog
Uskayaw
Vehumet
Wu Jian
Xom
Yredelemnul
Zin
The Shining One

Shops:
D:9 [   Orc:2 [[=!   Snake:2 =:=   Snake:3 [[

Annotations:
Lair:5 exclusion: 2 oklob plants


Innate Abilities, Weirdness & Mutations

You have a pair of horns on your head.
You reflexively headbutt those who attack you in melee.


Message History

The naga warrior hits you from afar with a +0 glaive.
The nagaraja hits you but does no damage.
The nagaraja grabs you. The nagaraja constricts you.
Things that are here:
a +2 shortbow of flaming; a salamander corpse You slice the nagaraja!!
You burn the nagaraja! You headbutt the nagaraja.
The nagaraja is severely wounded.
You hear an angry hiss.
The naga warrior roars a battlecry!
The nagaraja goes into a battle-frenzy!
The nagaraja hits you with a +0 whip!
* * * LOW HITPOINT WARNING * * *
The nagaraja constricts you!
* * * LOW HITPOINT WARNING * * *
You barely miss the nagaraja.
The nagaraja is severely wounded.
You slice the nagaraja like a ripe choko!!!
You burn the nagaraja!
You kill the nagaraja!
Okawaru accepts your kill. The naga warrior spits poison at you.
The splash of poison misses you.
An anaconda, a naga warrior and a guardian serpent come into view.
The naga warrior shouts!
The guardian serpent shouts!
The naga warrior hits you with a +0 dire flail.
* * * LOW HITPOINT WARNING * * *
The naga warrior grabs you. The naga warrior constricts you.
The naga warrior hits you with a +0 glaive!
* * * LOW HITPOINT WARNING * * *
Things that are here:
a +0 whip; a +0 robe; a naga corpse
Okay, then.
You slice the naga warrior!! You burn the naga warrior.
The naga warrior is severely wounded.
You slice the naga warrior!! You burn the naga warrior.
The naga warrior roars a battlecry!
The naga warrior goes into a battle-frenzy!
The naga warrior constricts you.
The naga warrior hits you with a +0 glaive!!
You die...

#...#..## ##...............##
.......^######................##
..........#...........)........##
..<....................)...##...#
..............####.........######
.............##..##......)..#
..........####....#.......###
......#...## #....##.....##
.....##....###..@NS#..##.#
.##..........#.)#N.#..####
##......#....#.)#..#.##
.......##....#).#..#.#
###....#....#)).#S.#.#
.†÷.............#..###
..##....##......#..#
................#...
.....##........##


You could see 2 naga warriors, an anaconda and a guardian serpent.

Vanquished Creatures
  Vashnia (Snake:2)
  Jorgrun (D:13)
  3 nagarajas
  2 orc warlords (Orc:1)
  Nessos (Arena)
  2 dire elephants (Lair:4)
  Snorg (D:12)
  3 hydras
  3 vault guards (D:13)
  A death knight (D:13)
  12 two-headed ogres
  A centaur warrior (D:13)
  3 ogre magi
  3 catoblepae (Lair:5)
  A tengu warrior (D:12)
  15 anacondas
  2 boulder beetles
  14 death yaks
  5 naga warriors
  23 naga sharpshooters
  6 shock serpents
  An orc high priest (Orc:2)
  2 fire crabs (Lair:4)
  2 skysharks
  2 deep trolls (Orc:2)
  4 sea snakes (Snake:3)
  A skeletal warrior (D:13)
  7 naga ritualists
  4 orc sorcerers
  A deep elf pyromancer (D:13)
  9 mana vipers
  3 manticores
  9 elephants (Lair:4)
  6 salamanders
  48 black mambas
  4 ugly things
  3 cyclopes
  A torpor snail (Lair:2)
  9 naga magi
  A guardian serpent (Snake:2)
  7 cane toads
  2 gargoyles
  An unseen horror (D:13)
  2 freezing wraiths (D:13)
  Psyche (D:12)
  3 rime drakes
  8 komodo dragons
  2 hornets (Lair:4)
  11 trolls
  3 polar bears
  23 blink frogs
  4 shadows
  2 wyverns
  A vampire (D:12)
  54 yaks
  7 humans (D:13)
  4 basilisks (Lair:4)
  2 steam dragons
  8 vampire mosquitoes
  A warg (Orc:1)
  36 nagas
  4 acid dragons
  12 water moccasins
  24 orc warriors
  6 black bears
  23 wolves
  21 ogres
  14 centaurs
  A phantom (D:5)
  5 kobold brigands
  Blork the orc (D:5)
  10 bullfrogs
  A scorpion (D:6)
  18 killer bees
  2 electric eels
  A hound (D:5)
  2 gnoll boudas
  11 orc priests
  Crazy Yiuf (D:4)
  2 iguanas (D:5)
  A sleepcap (D:7)
  18 orc wizards
  7 hell rats (Lair:4)
  9 gnolls
  6 adders
  A shadow imp (D:7)
  3 white imps
  4 ufetubi
  45 orcs
  6 ball pythons
  4 endoplasms
  4 giant cockroaches
  7 goblins
  7 hobgoblins
  3 jackals (D:5)
  2 quokkas (D:3)
  6 bats
  A frilled lizard (D:6)
  36 kobolds
  5 rats
  2 butterflies (D:4)
738 creatures vanquished.

Vanquished Creatures (others)
  2 humans (D:13)
  An orc wizard (Orc:1)
3 creatures vanquished.

Grand Total: 741 creatures vanquished

Notes
Turn   | Place    | Note
-------+----------+-------------------------------------------
     0 | D:1      | Buachu the Minotaur Fighter began the quest for the Orb.
     0 | D:1      | Reached XP level 1. HP: 19/19 MP: 0/0
   263 | D:1      | Reached XP level 2. HP: 27/27 MP: 1/1
   320 | D:1      | Reached skill level 3 in Axes
   573 | D:2      | Found a faded altar of an unknown god.
   743 | D:2      | Reached XP level 3. HP: 33/33 MP: 2/2
  1521 | D:4      | Found a runed translucent door.
  1522 | D:4      | Noticed Crazy Yiuf
  1626 | D:4      | Found a staircase to the Ecumenical Temple.
  1637 | Temple   | Entered the Ecumenical Temple
  1716 | Temple   | Became a worshipper of Warmaster Okawaru
  1779 | D:4      | Noticed an ogre
  1792 | D:4      | Killed an ogre
  1793 | D:4      | Reached skill level 4 in Axes
  1793 | D:4      | Reached XP level 4. HP: 20/41 MP: 3/3
  1793 | D:4      | Reached XP level 5. HP: 23/47 MP: 4/4
  1903 | D:4      | Found a shimmering altar of Xom.
  2323 | D:4      | Found a glowing silver altar of Zin.
  2481 | D:4      | Killed Crazy Yiuf
  2632 | D:5      | Entered Level 5 of the Dungeon
  2632 | D:5      | Noticed Blork the orc
  2636 | D:5      | Killed Blork the orc
  2636 | D:5      | Reached * piety under Okawaru
  2637 | D:5      | Reached skill level 5 in Axes
  2637 | D:5      | Reached XP level 6. HP: 55/55 MP: 5/5
  2812 | D:5      | Reached skill level 5 in Armour
  2812 | D:5      | Reached skill level 5 in Shields
  2817 | D:5      | Reached skill level 5 in Fighting
  2937 | D:5      | Reached skill level 1 in Invocations
  2995 | D:5      | Reached skill level 6 in Axes
  2995 | D:5      | Reached XP level 7. HP: 61/61 MP: 5/7
  3484 | D:6      | Reached ** piety under Okawaru
  3627 | D:6      | Found a bloodstained altar of Trog.
  3640 | D:6      | Found a snail-covered altar of Cheibriados.
  3901 | D:6      | Found a sacrificial altar of Ru.
  3987 | D:6      | Reached skill level 7 in Axes
  4174 | D:6      | Reached XP level 8. HP: 70/70 MP: 8/8
  4327 | D:6      | Reached *** piety under Okawaru
  5611 | D:7      | Reached skill level 8 in Axes
  6277 | D:8      | Found a hazy altar of Hepliaklqana.
  6509 | D:8      | Reached **** piety under Okawaru
  6671 | D:8      | Reached XP level 9. HP: 69/78 MP: 10/10
  6677 | D:8      | Reached skill level 9 in Axes
  7612 | D:9      | Found Erlang's Dragon-Slaying Spoils.
  7656 | D:9      | Reached skill level 10 in Axes
  7686 | D:9      | Reached skill level 5 in Invocations
  7754 | D:9      | Identified the +7 chain mail of Kyrev {Int+5}
  7842 | D:9      | Found a staircase to the Lair.
  7959 | D:9      | Reached XP level 10. HP: 82/88 MP: 12/12
  7971 | D:9      | Reached ***** piety under Okawaru
  8135 | D:9      | Reached skill level 11 in Axes
  8316 | Lair:1   | Entered Level 1 of the Lair of Beasts
  8347 | Lair:1   | Found a gate leading to a gauntlet.
  8454 | Lair:1   | Noticed a cane toad
  8464 | Lair:1   | Killed a cane toad
  8534 | Lair:1   | Noticed a cane toad
  8546 | Lair:1   | Killed a cane toad
  8657 | Lair:1   | Reached skill level 1 in Throwing
  8713 | Lair:1   | Noticed a cane toad
  8723 | Lair:1   | Killed a cane toad
  8723 | Lair:1   | Received a gift from Okawaru
  9725 | Lair:2   | Reached skill level 12 in Axes
  9758 | Lair:2   | Identified the +11 battleaxe "Beastbane" {flame, rN+ Int+4
                  | Stlth+} (Okawaru gifted it to you on level 2 of the Lair of
                  | Beasts)
  9758 | Lair:2   | Received a gift from Okawaru
  9775 | Lair:2   | Reached XP level 11. HP: 91/97 MP: 13/13
  9931 | Lair:2   | Noticed an eight-headed hydra
  9939 | Lair:2   | Killed a six-headed hydra
 10113 | Lair:2   | Found a staircase to the Snake Pit.
 10319 | Lair:2   | Identified the scarf "Xauzxubb" {harm, rElec rPois rN+++
                  | Slay+2} (Okawaru gifted it to you on level 2 of the Lair of
                  | Beasts)
 10319 | Lair:2   | Received a gift from Okawaru
 10320 | Lair:2   | Reached skill level 13 in Axes
 10320 | Lair:2   | Reached skill level 10 in Shields
 10469 | Lair:2   | Reached skill level 10 in Armour
 10537 | Lair:2   | Reached skill level 10 in Fighting
 11211 | Lair:3   | Noticed a boulder beetle
 11212 | Lair:3   | Noticed a five-headed hydra
 11219 | Lair:3   | Killed a three-headed hydra
 11238 | Lair:3   | Killed a boulder beetle
 11239 | Lair:3   | Reached XP level 12. HP: 45/107 MP: 13/15
 11274 | Lair:3   | Reached skill level 14 in Axes
 11276 | Lair:3   | Received a gift from Okawaru
 11278 | Lair:3   | Reached ****** piety under Okawaru
 11468 | Lair:3   | Found a staircase to the Shoals.
 11472 | Lair:3   | Reached skill level 5 in Throwing
 11472 | Lair:3   | Identified the +2 hat of the Dolphin {rF- Will+ Regen+}
                  | (Okawaru gifted it to you on level 3 of the Lair of Beasts)
 11472 | Lair:3   | Received a gift from Okawaru
 12231 | D:10     | Entered Level 10 of the Dungeon
 12739 | D:11     | Noticed a two-headed ogre
 12748 | D:11     | Killed a two-headed ogre
 12749 | D:11     | Reached skill level 15 in Axes
 12816 | D:11     | Noticed a two-headed ogre
 12817 | D:11     | Noticed an ogre mage
 12818 | D:11     | Noticed a two-headed ogre
 12821 | D:11     | Noticed a two-headed ogre
 12823 | D:11     | Killed a two-headed ogre
 12823 | D:11     | Identified the +0 chain mail of Poor Excuses {Str+3}
                  | (Okawaru gifted it to you on level 11 of the Dungeon)
 12823 | D:11     | Received a gift from Okawaru
 12827 | D:11     | Killed a two-headed ogre
 12830 | D:11     | Killed an ogre mage
 12833 | D:11     | Killed a two-headed ogre
 12967 | D:11     | Found a staircase to the Orcish Mines.
 13181 | D:11     | Reached XP level 13. HP: 116/116 MP: 17/17
 13517 | D:12     | Noticed Nessos
 13520 | Arena    | Entered the Arena
 13536 | Arena    | Killed Nessos
 13856 | D:12     | Noticed Psyche
 13863 | D:12     | Killed Psyche
 13959 | D:12     | Noticed Snorg
 13968 | D:12     | Killed Snorg
 14028 | D:12     | Reached skill level 16 in Axes
 14361 | D:13     | Identified the +0 demon trident "Fuecokej" {vamp, rF+
                  | Will+} (Okawaru gifted it to you on level 13 of the
                  | Dungeon)
 14361 | D:13     | Received a gift from Okawaru
 14674 | D:13     | Noticed Jorgrun
 14686 | D:13     | Killed Jorgrun
 14692 | D:13     | Received a gift from Okawaru
 15057 | D:13     | Found a gate to the Vaults.
 15268 | Orc:1    | Entered Level 1 of the Orcish Mines
 15268 | Orc:1    | Noticed an orc warlord
 15371 | Orc:1    | Killed an orc warlord
 15449 | Orc:1    | Noticed an orc warlord
 15451 | Orc:1    | Reached skill level 17 in Axes
 15458 | Orc:1    | Killed an orc warlord
 15699 | Orc:2    | Entered Level 2 of the Orcish Mines
 15743 | Orc:2    | Received a gift from Okawaru
 15744 | Orc:2    | Reached XP level 14. HP: 100/127 MP: 19/19
 15912 | Orc:2    | Received a gift from Okawaru
 15914 | Arena    | Entered the Arena
 15938 | Arena    | Entered the Arena
 15966 | Orc:2    | Received a gift from Okawaru
 15977 | Orc:2    | Identified the +6 dagger of the Wasp {drain, rPois rF+
                  | Int-4 Dex+2} (Okawaru gifted it to you on level 2 of the
                  | Orcish Mines)
 15977 | Orc:2    | Received a gift from Okawaru
 15988 | Orc:2    | Reached skill level 18 in Axes
 16041 | Orc:2    | Found Qauttyff's Jewellery Boutique.
 16046 | Orc:2    | Found Gyjipp's Armour Shop.
 16048 | Orc:2    | Found Iziocaf's Distillery.
 16061 | Orc:2    | Found Kemm's Antique Armour Boutique.
 16065 | Orc:2    | Bought a potion of heal wounds for 60 gold pieces
 16090 | Orc:2    | Found a staircase to the Elven Halls.
 16732 | Orc:2    | Bought a ring of flight for 175 gold pieces
 17079 | Lair:4   | Found a glowing golden altar of the Shining One.
 17117 | Lair:4   | Received a gift from Okawaru
 17118 | Lair:4   | Reached skill level 1 in Evocations
 17832 | Lair:4   | Received a gift from Okawaru
 17840 | Lair:4   | Reached XP level 15. HP: 94/137 MP: 20/20
 17884 | Lair:4   | Identified the +2 sling of an ice cave {freeze, rElec Dex-3
                  | Stlth+}
 18268 | Lair:5   | Entered Level 5 of the Lair of Beasts
 18353 | Lair:5   | Found a staircase to the Slime Pits.
 18629 | Lair:5   | Received a gift from Okawaru
 18639 | Lair:5   | Identified the ring of Wonder {Fly rN+ rCorr Str+2}
 18764 | Lair:5   | Found a dark tunnel.
 18953 | Lair:5   | Reached skill level 15 in Shields
 18961 | Lair:5   | Received a gift from Okawaru
 19286 | Snake:1  | Entered Level 1 of the Snake Pit
 19308 | Snake:1  | Received a gift from Okawaru
 20304 | Snake:1  | Received a gift from Okawaru
 20627 | Snake:2  | Reached XP level 16. HP: 147/147 MP: 22/22
 20837 | Snake:2  | Found Rumete Balo's Jewellery Boutique.
 20838 | Snake:2  | Found Norip's Book Emporium.
 20839 | Snake:2  | Found Ritos's Jewellery Boutique.
 20848 | Snake:2  | Bought an amulet of regeneration for 390 gold pieces
 20907 | Snake:2  | Noticed Vashnia
 20923 | Snake:2  | Killed Vashnia
 20931 | Snake:2  | Reached skill level 5 in Evocations
 21262 | Snake:3  | Reached skill level 19 in Axes
 21337 | Snake:3  | Reached skill level 10 in Invocations
 21381 | Snake:3  | Reached skill level 15 in Armour
 21492 | Snake:3  | Found Kytu's Antique Armour Shop.
 21500 | Snake:3  | Found Lilo Zeb's Antique Armour Shop.
 21634 | Snake:3  | Reached skill level 15 in Fighting
 21754 | Snake:3  | Received a gift from Okawaru
 22093 | Snake:4  | Entered Level 4 of the Snake Pit
 22093 | Snake:4  | Found a white marble altar of Elyvilon.
 22127 | Snake:4  | Received a gift from Okawaru
 22535 | Snake:4  | Demolished by a naga warrior

Illustrated notes

Levels and vault maps discovered:
D:1:      mrwooster_arrival_statue_3, layout_rooms, minivault_5
D:2:      layout_basic, shapermc_ecumenical_altar_mp_urbaneastern
D:3:      layout_rooms, serial_curves, eino_curves_04, eino_curves_04,
          corexii_leaking_fountain
D:4:      layout_basic, zin_treasury, xom_butterflies,
          minmay_temple_entry_antechambers, minivault_23,
          chequers_serial_rivers_room_b, uniq_crazy_yiuf_cottage
D:5:      layout_basic, uniq_blork_the_orc
D:6:      layout_basic, cheibriados_altar_2,
          nicolae_ru_great_annihilating_truth, bloody_trog
D:7:      layout_loops_ring, serial_aquarium, aquarium_bridge_straight
          [aquarium_subvault_bridge, aquarium_subvault_window,
          aquarium_subvault_bridge, aquarium_subvault_balcony],
          aquarium_window_2, aquarium_window_2, aquarium_window_fake,
          aquarium_view_4, aquarium_balcony_3a
D:8:      layout_basic, mainiacjoe_overflow_small_starburst,
          nicolae_hexahallways
D:9:      layout_roguey, lair_entry_dummy, nicolae_shop_dragon_depot
D:10:     layout_cave_pools
D:11:     layout_roguey, orc_david_3
D:12:     layout_big_octagon, uniq_psyche, uniq_snorg, uniq_nessos
D:13:     layout_basic, ximxim_vaults_locker_room, uniq_jorgrun
Temple:   eino_temple_scatter_basement
Lair:1:   layout_gridlike, gauntlet_entry_generic
Lair:2:   layout_cave_pods, guppyfry_snake_entry_garden, beast_lair_carwin_11,
          grunt_megastairs_3
Lair:3:   layout_misc_corridors, elwin_shoals_entry_rocks
Lair:4:   layout_regular_city, basic_altar, nicolae_lair_lakeside_cave
Lair:5:   evilmike_catoblepas_cave, layout_small_grid,
          minmay_slime_entry_oklob_open, enter_volcano_4
Snake:1:  layout_gridlike
Snake:2:  layout_onion_interference, minmay_shop_grove, uniq_vashnia
Snake:3:  layout_misc_corridors, grunt_megastairs_5, serial_bayou_shore_a,
          minmay_shop_star
Snake:4:  grunt_snake_rune_serpentine_throne, layout_onion, basic_altar,
          nicolae_shop_clearance
Orc:1:    dreamdust_wu_jian_sword_trials, layout_diamond_mine, serial_shops,
          shop
Orc:2:    st_orc_open, layout_diamond_mine

Skill      XL: |  1  2  3  4  5  6  7  8  9 10 11 12 13 14 15 16 |
---------------+-------------------------------------------------+-----
Axes           | 3 4 5 6 7 8 10 12 13 15 17 18 19 | 19.8
Shields        | 4 5 6 7 8 9 10 11 12 14 15 16 | 16.1
Armour         | 4 5 6 7 8 9 10 11 12 13 14 15 | 15.4
Fighting       | 4 5 6 8 9 10 11 12 13 14 15 | 15.3
Invocations    | 1 2 3 5 6 8 9 10 | 10.5
Throwing       | 2 4 5 7 8 |  8.5
Evocations     | 2 4 5 |  5.9

Action                     |  1- 3 |  4- 6 |  7- 9 | 10-12 | 13-15 | 16-18 || total
---------------------------+-------+-------+-------+-------+-------+-------++-------
  Melee: War axe           |    74 |    62 |    85 |       |       |       ||   221
         Headbutt          |    13 |    11 |    42 |    65 |    86 |    39 ||   256
         Broad axe         |       |       |   213 |   125 |       |       ||   338
         Battleaxe         |       |       |       |   199 |   559 |   200 ||   958
  Throw: Dart              |       |       |       |       |    18 |     2 ||    20
         Javelin           |       |       |       |       |       |    17 ||    17
 Invoke: Heroism           |       |       |     7 |     5 |    11 |     3 ||    26
         Finesse           |       |       |     1 |     1 |       |     1 ||     3
         Duel              |       |       |       |       |     3 |       ||     3
  Evoke: Wand              |       |       |       |       |     1 |       ||     1
    Use: Scroll            |     6 |     3 |     6 |     6 |     7 |       ||    28
         Potion            |       |       |       |     1 |     7 |     2 ||    10
   Stab: Paralysed         |       |       |     1 |       |       |       ||     1
         Invisible         |       |       |       |       |     1 |       ||     1
 Armour: Scale mail        |    31 |    19 |   119 |       |       |       ||   169
         Plate armour      |       |       |   108 |       |       |       ||   108
         Chain mail        |       |       |    10 |   236 |   388 |   127 ||   761
  Dodge: Dodged            |    28 |    23 |   137 |   154 |   250 |    85 ||   677
  Block: Buckler           |    11 |    12 |    94 |    43 |       |       ||   160
